 Dungeon Crawl Stone Soup version 0.23-a0-14-g8c9a20f (webtiles) character file.

4100 galech the Protected (level 10, 0/99 HPs)
             Began as a Minotaur Fighter on Aug 2, 2018.
             Was a Believer of Makhleb.
             Killed from afar by poirepourri's ghost (4 damage)
             ... with a magic dart
             ... on level 5 of the Dungeon.
             The game lasted 00:11:33 (5921 turns).

galech the Protected (Minotaur Fighter)             Turns: 5921, Time: 00:11:35

Health: 0/99       AC: 11    Str: 22    XL:     10   Next: 6%
Magic:  0/20       EV:  9    Int:  5    God:    Makhleb [**....]
Gold:   427        SH: 12    Dex: 18    Spells: 9/9 levels left

rFire    . . .     SeeInvis .   u - +10 spear of Lasuttad {pierce, -Tele rC+ MR+ Dex+8}
rCold    + . .     Gourm    .   c - +0 shield
rNeg     . . .     Faith    .   b - +0 scale mail
rPois    .         Spirit   +   (helmet restricted)
rElec    .         Reflect  .   k - +0 cloak
rCorr    .         Harm     .   z - +0 pair of gloves
MR       +....     NoTele   +   (no boots)
Stlth    ..........             s - amulet of guardian spirit
HPRegen  0.26/turn              m - ring of magical power
MPRegen  0.17/turn              (no ring)

@: lethally poisoned (0 -> -16), very slightly contaminated, invisible
A: retaliatory headbutt, horns 2, clumsy 1, robust 1
a: Minor Destruction, Renounce Religion


You were on level 5 of the Dungeon.
You worshipped Makhleb.
Makhleb was pleased with you.
You were very hungry.

You visited 2 branches of the dungeon, and saw 8 of its levels.
You also visited: Sewer and Ossuary.

You collected 427 gold pieces.

Inventory:

Hand Weapons
 a - a +0 war axe
 u - the +10 spear of Lasuttad (weapon) {pierce, -Tele rC+ MR+ Dex+8}
   (You found it on level 4 of the Dungeon)

   It inflicts extra damage upon your enemies.
   It affects your dexterity (+8).
   It protects you from cold.
   It affects your resistance to hostile enchantments.
   It prevents most forms of teleportation.
Armour
 b - a +0 scale mail (worn)
 c - a +0 shield (worn)
 j - a scarf of cloud immunity
 k - a +0 cloak (worn)
 z - a +0 pair of gloves (worn)
Jewellery
 m - a ring of magical power (left hand)
 s - an amulet of guardian spirit (around neck)
 H - an uncursed ring of fire
Wands
 C - a wand of acid (11)
Scrolls
 e - 2 scrolls of enchant armour
 g - a scroll of enchant weapon
 h - 7 scrolls of teleportation
 i - 2 scrolls of remove curse
 n - a scroll of amnesia
 q - a scroll of fear
 r - 5 scrolls of identify
 y - a scroll of noise {unknown}
 E - 4 scrolls of fog
 G - a scroll of magic mapping
Potions
 d - 3 potions of might
 l - 2 potions of curing {unknown}
 o - 2 potions of ambrosia {unknown}
 p - 2 potions of mutation
 t - a potion of berserk rage {unknown}
 v - a potion of lignification {unknown}
 w - a potion of haste {unknown}
 x - 2 potions of magic {unknown}
 A - 2 potions of invisibility
 B - a potion of resistance {unknown}
 D - a potion of flight {unknown}
 F - a potion of cancellation {unknown}
Comestibles
 f - 11 rations


   Skills:
 + Level 8.9 Fighting
 - Level 5.5(7.3) Axes
 + Level 7.5(8.3) Polearms
 + Level 9.1 Armour
 - Level 1.0 Dodging
 + Level 9.0 Shields
 + Level 3.0 Invocations


You had 9 spell levels left.
You didn't know any spells.
Your spell library was empty.

Dungeon Overview and Level Annotations

Branches:
Dungeon (7/15)             Temple (1/1) D:6

Altars:
Ashenzari
Cheibriados
Dithmenos
Elyvilon
Fedhas
Gozag
Makhleb
Okawaru
Qazlal
Trog
Uskayaw
Yredelemnul
Zin
The Shining One

Annotations:
D:5 poirepourri's ghost, novice DECj


Innate Abilities, Weirdness & Mutations

You reflexively headbutt those who attack you in melee.
You have a pair of horns on your head.
You are clumsy. (Dex -2)
You are robust. (+10% HP)


Message History

* * * LOW HITPOINT WARNING * * *
Your shield and scale mail prevent you from hitting poirepourri's ghost.
Your headbutt misses poirepourri's ghost.
Poirepourri's ghost is severely damaged.
* * * LOW HITPOINT WARNING * * *
You feel sick.
Poirepourri's ghost hits you but does no damage.
Unknown command.
It was a potion of invisibility.
You fade into invisibility!
* * * LOW HITPOINT WARNING * * *
You feel sick. Poirepourri's ghost barely misses you.
You are very lightly contaminated with residual magic.
It was a potion of mutation.
You feel extremely strange.
You feel clumsy.
You feel robust.
* * * LOW HITPOINT WARNING * * *
You feel sick.
Poirepourri's ghost points at you and mumbles some strange words.
The magic dart hits you!
You die...

##..# #..# ##..## #
#..# #..# ##.)## #
#..# #..# ##..## ##
#..## #..# #...## ###.
#...# ##..# ##....##
##... #.(.#
#...####......###...#
##...#
##....(.............##
#....#
#...................#
##...##
#....@W.............##
#...##
#...#....########....#
...## #..###..##
##...# .### #.## #..#
##.## ## #.# ##.# #.#
# #.# #.# ### # ###
#.# ###


You could see poirepourri's ghost.

Vanquished Creatures
  Pikel (D:6)
  The ghost of mhoghedin the Charlatan, a novice KoAr of Uskayaw (D:5)
  The ghost of melvinkitnick the Covert, a novice OpAs (D:5)
  The ghost of zkyp the Chopper, an amateur GrBe of Trog (D:4)
  Sigmund (D:6)
  Menkaure (D:6)
  Edmund (D:6)
  3 slaves (D:6)
  A phantom (D:6)
  3 orc warriors
  A sky beast (D:5)
  4 ogres
  2 centaurs (D:6)
  A crocodile (Sewer)
  2 bullfrogs
  A scorpion (D:7)
  5 killer bees (D:7)
  3 howler monkeys
  2 crimson imps (D:6)
  3 hounds
  2 orc priests (D:7)
  4 orc wizards
  Jessica (D:3)
  6 iguanas
  4 worker ants
  A centaur simulacrum (D:4)
  A hound zombie (D:7)
  4 mummies (Ossuary)
  A hound skeleton (D:3)
  Robin (D:4)
  7 adders
  A hound simulacrum (D:4)
  2 shadow imps
  2 white imps (D:4)
  2 worker ant simulacra (D:4)
  4 oozes
  2 adder skeletons (D:4)
  An adder zombie (D:5)
  4 worms
  2 dart slugs (D:1)
  4 leopard geckos
  18 orcs
  4 bats
  4 giant cockroaches
  4 gnoll zombies (Ossuary)
  12 goblins
  5 hobgoblins
  12 jackals
  A quokka (D:4)
  2 ball pythons
  A ball python simulacrum (D:4)
  4 frilled lizards
  3 gnoll skeletons (Ossuary)
  5 goblin skeletons (Ossuary)
  2 goblin zombies
  3 hobgoblin skeletons (Ossuary)
  10 kobolds
  4 kobold skeletons (Ossuary)
  2 kobold zombies (Ossuary)
  A leopard gecko skeleton (D:4)
  An orc skeleton (Ossuary)
  4 orc zombies (Ossuary)
  12 rats
  2 rat skeletons (Ossuary)
  3 rat zombies (Ossuary)
213 creatures vanquished.

Vanquished Creatures (others)
  A worker ant (D:6)
  A goblin skeleton (Ossuary)
  A goblin zombie (Ossuary)
  A hobgoblin skeleton (Ossuary)
  2 hobgoblin zombies (Ossuary)
  A kobold skeleton (Ossuary)
  4 kobold zombies (Ossuary)
  An orc skeleton (Ossuary)
  3 orc zombies (Ossuary)
  3 rat skeletons (Ossuary)
  A rat zombie (Ossuary)
  A withered plant (D:5)
20 creatures vanquished.

Grand Total: 233 creatures vanquished

Notes
Turn   | Place    | Note
-------+----------+-------------------------------------------
     0 | D:1      | galech the Minotaur Fighter began the quest for the Orb.
     0 | D:1      | Reached XP level 1. HP: 19/19 MP: 0/0
    95 | D:1      | Reached XP level 2. HP: 27/27 MP: 1/1
   242 | D:1      | Reached XP level 3. HP: 21/33 MP: 2/2
  1323 | D:2      | You fall through a shaft!
  1385 | D:3      | Reached XP level 4. HP: 29/40 MP: 3/3
  1793 | D:3      | Noticed Jessica
  1798 | D:3      | Killed Jessica
  2049 | D:3      | Reached XP level 5. HP: 46/46 MP: 4/4
  2461 | D:4      | Found a runed gate.
  2473 | D:4      | Found a runed gate.
  2473 | D:4      | Found a runed gate.
  2499 | D:4      | Noticed zkyp's ghost (amateur GrBe)
  2511 | D:4      | Got an encrusted spear
  2512 | D:4      | Identified the +10 spear of Lasuttad {pierce, -Tele rC+ MR+ Dex+8} (You found it on level 4 of the Dungeon)
  2548 | D:4      | You fall through a shaft!
  2548 | D:5      | Entered Level 5 of the Dungeon
  2562 | D:5      | Reached skill level 5 in Axes
  2680 | D:5      | Found a runed gate.
  2681 | D:5      | Found a runed gate.
  2682 | D:5      | Found a runed gate.
  2683 | D:5      | Noticed poirepourri's ghost (novice DECj)
  2684 | D:5      | Noticed melvinkitnick's ghost (novice OpAs)
  2685 | D:5      | Noticed mhoghedin's ghost (novice KoAr)
  2734 | D:5      | Reached skill level 1 in Dodging
  2749 | D:5      | Reached XP level 6. HP: 53/53 MP: 5/5
  2809 | D:4      | Reached skill level 1 in Polearms
  2809 | D:4      | Reached skill level 5 in Armour
  2887 | D:4      | Noticed Robin
  2900 | D:4      | Killed Robin
  2994 | D:4      | Reached skill level 5 in Shields
  3016 | D:4      | Reached skill level 5 in Fighting
  3016 | D:4      | Reached XP level 7. HP: 51/61 MP: 6/6
  3902 | D:6      | Reached XP level 8. HP: 70/70 MP: 7/7
  3913 | D:6      | Noticed Pikel
  3915 | D:6      | Found an iron altar of Okawaru.
  3919 | D:6      | Killed Pikel
  3923 | D:6      | Reached skill level 5 in Polearms
  3936 | D:6      | Noticed Edmund
  3944 | D:6      | Killed Edmund
  4014 | D:6      | Found a staircase to the Ecumenical Temple.
  4016 | D:6      | Noticed Menkaure
  4021 | D:6      | Killed Menkaure
  4070 | D:6      | Found a glowing drain.
  4088 | Sewer    | Entered a sewer
  4212 | D:6      | Noticed Sigmund
  4220 | D:6      | Killed Sigmund
  4220 | D:6      | Reached XP level 9. HP: 75/79 MP: 6/8
  4453 | Temple   | Entered the Ecumenical Temple
  4528 | Temple   | Became a worshipper of Makhleb the Destroyer
  4961 | D:7      | Reached skill level 1 in Invocations
  5079 | D:7      | Found a sand-covered staircase.
  5087 | Ossuary  | Entered an ossuary
  5137 | Ossuary  | Reached * piety under Makhleb
  5565 | D:7      | Found an opulent altar of Gozag.
  5753 | D:4      | Killed zkyp's ghost
  5776 | D:4      | Reached ** piety under Makhleb
  5901 | D:5      | Killed mhoghedin's ghost
  5913 | D:5      | Killed melvinkitnick's ghost
  5913 | D:5      | Reached XP level 10. HP: 36/90 MP: 11/11
  5921 | D:5      | Gained mutation: You are clumsy. (Dex -2) [potion of mutation]
  5921 | D:5      | Gained mutation: You are robust. (+10% HP) [potion of mutation]
  5921 | D:5      | HP: 4/99 [poisoned by melvinkitnick's ghost]
  5921 | D:5      | Killed from afar by poirepourri's ghost

Vault maps used:
D:1:      minmay_arrival_checkered_box, fountainhead
D:2:      minmay_tetromino_o2
D:3:      uniq_jessica
D:4:      first_ration, gammafunk_ghost_icy, minmay_box_of_dots, uniq_robin
D:5:      gammafunk_ghost_cemetery
D:6:      minmay_temple_entry_statues_fountains, basic_altar,
          cheibrodos_sewer_entry_drain, uniq_sigmund, uniq_pikel, uniq_edmund,
          uniq_menkaure
D:7:      enter_ossuary_4, nicolae_gozag_cash_rules_everything_around_me
Temple:   nicolae_temple_elliptical
Sewer:    sewer_the_crocodile
Ossuary:  ossuary_due_pyramid

Skill      XL: |  1  2  3  4  5  6  7  8  9 |
---------------+----------------------------+-----
Armour         | 4 5 6 7 9 |  9.1
Fighting       | 4 5 6 7 8 |  8.9
Axes           | 3 4 5 |  5.5
Shields        | 4 5 6 7 9 |  9.0
Dodging        | 1 |  1.0
Polearms       | 2 3 5 7 |  7.5
Invocations    | 3 |  3.0

Action                   |  1- 3 |  4- 6 |  7- 9 | 10-12 || total
-------------------------+-------+-------+-------+-------++-------
Melee: War axe           |    71 |    79 |       |       ||   150
       Headbutt          |    11 |    12 |    51 |       ||    74
       Spear             |       |    52 |   270 |     6 ||   328
  Use: Scroll            |       |       |    12 |       ||    12
       Potion            |       |       |       |     2 ||     2
 Stab: Distracted        |       |     1 |       |       ||     1
  Eat: Chunk             |     1 |     6 |     8 |       ||    15
Armor: Scale mail        |    26 |    49 |    56 |     2 ||   133
Dodge: Dodged            |    19 |    32 |    31 |     1 ||    83
Block: Shield            |    43 |    58 |    63 |     1 ||   165

Table legend:
 A = Spawn XP
 B = Non-spawn XP
 C = Spawn XP percentage of total XP
 D = Spawn monster count
 E = Non-spawn monster count
 F = Spawn count percentage of total count
 G = Total turns spent on level
                    A         B        C        D         E        F      G
               +---------+---------+-------+---------+---------+-------+---------
         Total |       0 |    5858 |   0.0 |       0 |     204 |   0.0 |  5921
               +---------+---------+-------+---------+---------+-------+---------
           D:1 |       0 |      45 |   0.0 |       0 |      23 |   0.0 |   804
           D:2 |       0 |      38 |   0.0 |       0 |      11 |   0.0 |   788
           D:3 |       0 |     162 |   0.0 |       0 |      31 |   0.0 |   814
           D:4 |       0 |     692 |   0.0 |       0 |      32 |   0.0 |   751
           D:5 |       0 |    1416 |   0.0 |       0 |      19 |   0.0 |   873
           D:6 |       0 |    2266 |   0.0 |       0 |      30 |   0.0 |   807
           D:7 |       0 |    1051 |   0.0 |       0 |      22 |   0.0 |   607
         Sewer |       0 |     116 |   0.0 |       0 |       6 |   0.0 |   113
       Ossuary |       0 |      72 |   0.0 |       0 |      30 |   0.0 |   268
               +---------+---------+-------+---------+---------+-------+---------
